 Dungeon Crawl Stone Soup version 0.21-a0-243-g597973d (webtiles) character file.

325748 Herrn the Severer (level 21, -3/194 HPs)
             Began as a Naga Fire Elementalist on Sept 3, 2017.
             Was a High Priest of Okawaru.
             Slain by a tentacled starspawn (11 damage)
             ... on level 3 of the Abyss on Sept 4, 2017.
             The game lasted 02:43:37 (62179 turns).

Herrn the Severer (Naga Fire Elementalist)         Turns: 62179, Time: 02:43:38

Health: -3/194     AC: 34    Str: 17    XL:     21   Next: 63%
Magic:  34/35      EV: 19    Int: 27    God:    Okawaru [*****.]
Gold:   3218       SH: 15    Dex: 20    Spells: 35/40 levels left

rFire    + . .     SeeInvis +   x - +3 broad axe of the Ass {protect, rF+ Int+7 Dex+4}
rCold    + + .     Gourm    .   B - +1 shield {reflect}
rNeg     + + .     Faith    +   q - +0 troll leather armour
rPois    +         Spirit   .   Q - +2 helmet {SInv}
rElec    .         Reflect  +   S - scarf "Agaone" {rN+}
rCorr    .         Harm     .   j - +2 pair of gloves {Dex+3}
MR       ++...                  L - +1 naga barding {rC+}
Stlth    ++++......             r - amulet of faith
HPRegen  0.00/turn              D - ring of positive energy
MPRegen  0.24/turn              l - ring of protection from cold

@: heroism, protection aura, non-regenerating, mildly diseased, very slow
A: see invisible, deformed body, frail 1, poison resistance, slowness 2,
inhibited regeneration, slow metabolism 1, spit poison 1, strong 1, MP-powered
wands, constrict 1, sturdy frame 1, AC +7
}: 2/15 runes: decaying, serpentine
a: Spit Poison, Heroism, Finesse, Renounce Religion


You were on level 3 of the Abyss.
You worshipped Okawaru.
Okawaru was extremely pleased with you.
You were completely stuffed.

You visited 7 branches of the dungeon, and saw 35 of its levels.
You visited the Abyss 1 time.
You also visited: Labyrinth and Volcano.

You collected 3749 gold pieces.
You spent 531 gold pieces at shops.

Inventory:

Hand Weapons
 e - a +1 broad axe of venom
 h - a +6 hand axe of flaming
 n - a +1 broad axe of draining
 x - the +3 broad axe of the Ass (weapon) {protect, rF+ Int+7 Dex+4}
   (Okawaru gifted it to you on level 3 of the Lair of Beasts)

   It protects the one who uses it against injury (+AC on strike).
   It affects your intelligence (+7).
   It affects your dexterity (+4).
   It protects you from fire.
 N - the +9 morningstar of Dust {crush, rC+ Str+3}
   (You took it off a deep elf annihilator on level 3 of the Elven Halls)

   It inflicts extra damage upon your enemies.
   It affects your strength (+3).
   It protects you from cold.
 X - a +5 war axe of electrocution
 Y - a +0 vampiric broad axe
Armour
 i - the +2 leather armour of Least Resistance {Slay+2}
   (You took it off a deep elf annihilator on level 3 of the Elven Halls)

   It affects your accuracy and damage with ranged weapons and melee attacks
   (+2).
 j - a +2 pair of gloves of dexterity (worn)
 q - a +0 troll leather armour (worn)
 v - +0 acid dragon scales
 w - a +1 naga barding of flying
 B - a +1 shield of reflection (worn)
 C - the +1 leather armour "Risoo" {+Inv, unknown}
   (You found it on level 3 of the Abyss)

   It lets you turn invisible.
 I - the scarf of Esenir {rC+}
   (You found it on level 4 of the Snake Pit)

   It protects you from cold.
 L - a +1 naga barding of cold resistance (worn)
 O - a +2 cloak of fire resistance
 P - a +0 cloak of magic resistance
 Q - a +2 helmet of see invisible (worn)
 S - the scarf "Agaone" (worn) {rN+}
   (Okawaru gifted it to you on level 4 of the Snake Pit)

   It protects you from negative energy.
 U - the +1 scale mail of Untruth {+Fly rF- rC++ Str+3}
   (You found it on level 14 of the Dungeon)

   It affects your strength (+3).
   It makes you vulnerable to fire.
   It greatly protects you from cold.
   It lets you fly.
 W - a +1 scale mail of positive energy
Jewellery
 l - a ring of protection from cold (right hand)
 r - an amulet of faith (around neck)
 t - an uncursed amulet of regeneration
 D - a ring of positive energy (left hand)
 V - the amulet of Peimukh {RegenMP rN+}
   (You found it on level 6 of the Lair of Beasts)

   [amulet of magic regeneration]

   It increases your magic regeneration.
   It protects you from negative energy.
Wands
 d - a wand of digging (9/24)
 G - a wand of digging (9/24)
Scrolls
 a - 2 scrolls of fear
 b - 2 scrolls of magic mapping
 m - 5 scrolls of amnesia
 s - 21 scrolls of remove curse
 A - a scroll of summoning
 F - 5 scrolls of immolation
 H - 7 scrolls of recharging
 M - 3 scrolls of enchant weapon
Potions
 o - 3 potions of brilliance
 p - 8 potions of lignification
 u - a potion of berserk rage
 E - a potion of ambrosia
 J - a potion of magic
 Z - a potion of cancellation
Books
 g - the Incunabulum of the Flying Escort
   (You found it on level 3 of the Swamp)

   Spells                             Type                      Level
   a - Shock                          Conjuration/Air              1
   b - Summon Butterflies             Summoning                    1
   c - Summon Mana Viper              Hexes/Summoning              5
   d - Freezing Cloud                 Conjuration/Ice/Air          6
   e - Malign Gateway                 Summoning/Translocation      7
 k - a book of Alchemy

   Spells                             Type                      Level
   a - Sublimation of Blood           Necromancy                   2
   b - Ignite Poison                  Fire/Transmutation/Poison    3
   c - Petrify                        Transmutation/Earth          4
   d - Alistair's Intoxication        Transmutation/Poison         5
   e - Irradiate                      Conjuration/Transmutation    5
 y - a Fen Folio

   Spells                             Type                      Level
   a - Corpse Rot                     Necromancy                   2
   b - Stone Arrow                    Conjuration/Earth            3
   c - Leda's Liquefaction            Hexes/Earth                  4
   d - Summon Forest                  Summoning/Translocation      5
   e - Hydra Form                     Transmutation                6
   f - Summon Hydra                   Summoning                    7
 z - Roxanne's Reference Book on Transformation
   (You took it off Roxanne on level 3 of the Elven Halls)

   Spells                             Type                      Level
   a - Beastly Appendage              Transmutation                1
   b - Irradiate                      Conjuration/Transmutation    5
   c - Statue Form                    Transmutation/Earth          6
   d - Hydra Form                     Transmutation                6
 K - a Necronomicon

   Spells                             Type                      Level
   a - Haunt                          Necromancy/Summoning         7
   b - Borgnjor's Revivification      Necromancy                   8
   c - Death's Door                   Charms/Necromancy            8
   d - Infestation                    Necromancy                   8
   e - Necromutation                  Transmutation/Necromancy     8
 T - a book of Air

   Spells                             Type                      Level
   a - Shock                          Conjuration/Air              1
   b - Swiftness                      Charms/Air                   2
   c - Static Discharge               Conjuration/Air              3
   d - Airstrike                      Air                          4
   e - Lightning Bolt                 Conjuration/Air              5
Comestibles
 c - 17 bread rations
 f - 14 meat rations


   Skills:
 * Level 19.0(24.0) Fighting
 - Level 19.2(24.2) Axes
 * Level 12.0(17.0) Armour
 + Level 9.1(14.1) Dodging
 - Level 3.0(8.0) Stealth
 + Level 9.3(14.3) Shields
 * Level 10.2 Spellcasting
 * Level 10.7 Conjurations
 - Level 8.1 Fire Magic
 - Level 1.0 Invocations
 - Level 0.4 Evocations


You had 35 spell levels left.
You knew the following spells:

 Your Spells              Type           Power        Failure   Level  Hunger
a - Flame Tongue          Conj/Fire      #####        1%          1    None
b - Sticky Flame          Conj/Fire      ######..     1%          4    None


Dungeon Overview and Level Annotations

Branches:
Dungeon (15/15)            Temple (1/1) D:4            Lair (6/6) D:9
  Swamp (4/4) Lair:3        Snake (4/4) Lair:2        Slime (0/5) Lair:5
    Orc (2/2) D:10            Elf (3/3) Orc:2        Vaults (0/5) D:13
 Depths (0/5) D:15

Altars:
Ashenzari
Cheibriados
Dithmenos
Elyvilon
Fedhas
Gozag
Hepliaklqana
Kikubaaqudgha
Makhleb
Nemelex Xobeh
Okawaru
Qazlal
Ru
Sif Muna
Trog
Uskayaw
Vehumet
Wu Jian
Xom
Yredelemnul
Zin
The Shining One
Beogh

Shops:
D:5 }   D:8 !   D:15 (   Orc:2 (=*([   Elf:2 [   Elf:3 *   Snake:2 }==

Annotations:
D:3 exclusion: sky beast
Lair:5 exclusion: 6 oklob plants


Innate Abilities, Weirdness & Mutations

You cannot wear boots.
Your serpentine skin is tough. (AC +7)
You have supernaturally acute eyesight. (SInv)
Armour fits poorly on your strangely shaped body.
Your system is resistant to poisons. (rPois)
You cover ground very slowly.
You have a slow metabolism.
You can spit poison.
You can use your snake-like lower body to constrict enemies.
You are frail. (-10% HP)
You do not regenerate when monsters are visible.
Your muscles are strong. (Str +2)
You expend magic power (3 MP) to strengthen your wands.
Your movements are slightly less encumbered by armour. (ER -2)


Message History

You hold your ground!
You slash the bone dragon!
The bone dragon is almost destroyed.
You slash the apocalypse crab!
You kill the apocalypse crab!
Okawaru accepts your kill.
A tentacle flies out from the starspawn's body!
A starspawn tentacle comes into view.
You slice the bone dragon!!
The bone dragon is almost destroyed.
The bone dragon bites you but does no damage.
The bone dragon barely misses you. The bone dragon closely misses you.
A starspawn tentacle comes into view.
You hit the bone dragon but do no damage.
The bone dragon is almost destroyed.
You slash the tentacled starspawn! The bone dragon bites you!
* * * LOW HITPOINT WARNING * * *
The bone dragon closely misses you. The bone dragon misses you.
The tentacled starspawn bites you!
You die...

.
##.#.#.#..#.
# # # .#..#.
# # ...#...
. . . ##
..... # . .
# .# . ≈ .
#..# ≈≈ #
###.#
#.#.D.# . .≈
≈ ≈ #X@..#
## ≈#w#####
#≈. ## # # *
. ≈ # . # #
#.# ≈ . # #
#


You could see a bone dragon, a tentacled starspawn and a starspawn tentacle.

Vanquished Creatures
  Nikola (Elf:1)
  A profane servitor (Abyss:3)
  A bone dragon (Abyss:3)
  3 deep elf blademasters
  5 thorn hunters
  Donald (Snake:4)
  Roxanne (Elf:3)
  The ghost of Conn321 the Eclecticist, an adept OpFE of Sif Muna (Elf:3)
  13 nagarajas
  3 deep elf sorcerers
  2 orc warlords
  4 deep elf elementalists
  Aizul (Snake:4)
  8 very ugly things
  7 deep elf annihilators
  A red draconian (Volcano)
  The ghost of Akra the Carver, a journeyman MiFi of Okawaru (D:13)
  2 deep elf death magi (Elf:3)
  A minotaur (Lab)
  An ettin (D:15)
  4 deep elf high priests (Elf:3)
  A quicksilver dragon skeleton (Abyss:3)
  A vault guard (D:13)
  21 naga warriors
  4 ghost crabs
  34 hydras
  6 alligators
  4 catoblepae
  13 anacondas
  11 two-headed ogres
  2 centaur warriors
  2 ogre magi
  4 tengu warriors
  6 orc high priests
  20 death yaks
  29 dancing weapons
  5 shock serpents
  4 thrashing horrors (Abyss:3)
  20 naga sharpshooters
  14 deep elf knights
  A wretched star (Abyss:3)
  A sixfirhy (Abyss:3)
  An iron troll (D:13)
  2 salamander mystics (Snake:4)
  2 unseen horrors
  A spatial maelstrom (Abyss:3)
  2 spriggan druids
  An anaconda zombie (Abyss:3)
  A swamp dragon (shapeshifter) (Elf:3)
  2 wizards
  11 swamp dragons
  16 deep elf archers
  3 lindwurms
  A necromancer (Abyss:3)
  9 naga ritualists
  13 ugly things
  3 orc knights (Orc:2)
  10 mana vipers
  13 salamanders
  61 deep elf magi
  9 orc sorcerers
  14 slime creatures
  4 cyclopes
  2 manticores (Lair:6)
  An apocalypse crab (Abyss:3)
  47 black mambas
  2 smoke demons (Abyss:3)
  3 torpor snails (Lair:6)
  12 guardian serpents
  24 naga magi
  An orange demon (Abyss:3)
  A gargoyle (D:11)
  The ghost of Alateas the Covert, a novice SpEn (D:6)
  20 spiny frogs
  2 kobold demonologists (D:15)
  10 komodo dragons
  4 freezing wraiths
  An efreet (D:13)
  2 ancient zymes (Abyss:3)
  A minotaur zombie (Lab)
  7 trolls
  A polar bear (Lair:5)
  A hydra skeleton (Abyss:3)
  7 tyrant leeches
  11 hornets
  27 blink frogs
  Prince Ribbit (D:6)
  2 large abominations (Abyss:3)
  9 bog bodies
  15 hippogriffs
  9 raiju (Abyss:3)
  12 dream sheep
  6 flying skulls (Abyss:3)
  9 spriggans
  3 shadows
  A vampire (D:15)
  3 water elementals
  6 wyverns
  53 yaks
  3 hungry ghosts
  A steam dragon (Lair:3)
  A wraith (D:13)
  A golden eye (Abyss:3)
  4 basilisks
  Eustachio (D:4)
  6 fire elementals
  31 vampire mosquitoes
  A neqoxec (Abyss:3)
  A chaos spawn (Abyss:3)
  Menkaure (D:4)
  4 wargs
  2 acid dragons
  27 insubstantial wisps
  15 swamp worms
  84 nagas
  Edmund (D:4)
  11 water moccasins
  8 porcupines
  38 orc warriors
  13 swamp drakes
  2 sky beasts
  5 ice beasts
  25 ogres
  2 phantoms
  3 black bears
  26 wolves
  5 centaurs
  5 big kobolds
  16 crocodiles
  A big kobold (shapeshifter) (D:15)
  19 bullfrogs
  A gnoll sergeant (Orc:1)
  2 wyvern zombies (D:9)
  5 earth elementals
  5 scorpions
  2 small abominations (Abyss:3)
  4 killer bees (D:10)
  7 wights
  3 howler monkeys (D:7)
  2 electric eels
  2 bullfrog zombies
  9 crimson imps
  2 centaur zombies
  2 quasits
  21 orc priests
  4 bullfrog skeletons
  Crazy Yiuf (D:2)
  6 centaur skeletons
  8 hounds
  2 iron imps (Abyss:3)
  2 jellies
  12 orc wizards
  A gnoll shaman (D:9)
  Jessica (D:2)
  Ijyb (D:4)
  Natasha (thrice) (D:4)
  12 worker ants
  A killer bee zombie (D:7)
  2 hound skeletons
  3 hound zombies
  A worker ant zombie (D:11)
  Robin (D:2)
  17 gnolls
  9 adders
  7 shadow imps
  An ooze (D:7)
  2 worms (D:2)
  3 dart slugs
  5 leopard geckos
  76 orcs
  6 bats
  3 giant cockroaches
  15 goblins
  7 hobgoblins
  9 jackals
  27 kobolds
  4 quokkas
  4 ball pythons
  4 frilled lizards
  A jackal skeleton (D:4)
  2 leopard gecko zombies
  6 rats
  6 briar patches (Swamp:1)
  4 fungi
  4 plants
1474 creatures vanquished.

Vanquished Creatures (collateral kills)
  A hydra (Lair:3)
  2 plants (Lair:3)
3 creatures vanquished.

Vanquished Creatures (others)
  A deep elf annihilator (Elf:3)
  A naga sharpshooter (Snake:4)
  A naga ritualist (Snake:4)
  A deep elf archer (Elf:1)
  A lindwurm (Swamp:4)
  A spiny frog (Swamp:3)
  6 raiju (Abyss:3)
  5 small abominations (Abyss:3)
  8 large abominations (Abyss:3)
  A neqoxec (Abyss:3)
  A quasit (Abyss:3)
  2 white imps (Abyss:3)
  An ufetubus (Abyss:3)
  A briar patch (Swamp:1)
  24 fungi
  A lurking horror (Abyss:3)
  19 plants
  A starspawn tentacle (Abyss:3)
76 creatures vanquished.

Grand Total: 1553 creatures vanquished

Notes
Turn   | Place    | Note
-------+----------+-------------------------------------------
     0 | D:1      | Herrn the Naga Fire Elementalist began the quest for the Orb.
     0 | D:1      | Reached XP level 1. HP: 15/15 MP: 3/3
   362 | D:1      | Reached XP level 2. HP: 22/22 MP: 1/5
   892 | D:2      | Reached skill level 1 in Fighting
   892 | D:2      | Reached XP level 3. HP: 31/31 MP: 3/6
  1313 | D:2      | Noticed Jessica
  1322 | D:2      | Killed Jessica
  1322 | D:2      | Reached XP level 4. HP: 38/38 MP: 7/7
  1670 | D:2      | Noticed Robin
  1686 | D:2      | Killed Robin
  2048 | D:2      | Found a runed door.
  2175 | D:2      | You fall through a shaft for 2 floors!
  2175 | D:4      | Noticed Natasha
  2180 | D:4      | Killed Natasha
  2180 | D:4      | Reached XP level 5. HP: 38/45 MP: 4/9
  2289 | D:4      | Noticed Natasha
  2294 | D:4      | Killed Natasha
  2390 | D:4      | Found a staircase to the Ecumenical Temple.
  2400 | Temple   | Entered the Ecumenical Temple
  2444 | Temple   | Became a worshipper of Warmaster Okawaru
  2864 | D:3      | Reached XP level 6. HP: 40/55 MP: 10/10
  2919 | D:3      | Noticed a sky beast
  3112 | D:2      | Learned a level 4 spell: Sticky Flame
  3116 | D:2      | Noticed Crazy Yiuf
  3120 | D:2      | Killed Crazy Yiuf
  3437 | D:4      | Noticed Edmund
  3440 | D:4      | Noticed Eustachio
  3454 | D:4      | Killed Edmund
  3454 | D:4      | Reached * piety under Okawaru
  3454 | D:4      | Reached XP level 7. HP: 44/62 MP: 1/12
  3546 | D:4      | Killed Eustachio
  3684 | D:4      | Noticed Natasha
  3687 | D:4      | Killed Natasha
  3927 | D:4      | Found a white marble altar of Elyvilon.
  4107 | D:4      | Noticed Menkaure
  4119 | D:4      | Killed Menkaure
  4119 | D:4      | Reached ** piety under Okawaru
  4119 | D:4      | Reached skill level 5 in Fire Magic
  4119 | D:4      | Reached XP level 8. HP: 19/72 MP: 2/14
  4480 | D:4      | Noticed Ijyb
  4486 | D:4      | Killed Ijyb
  4564 | D:5      | Entered Level 5 of the Dungeon
  4723 | D:5      | Reached skill level 1 in Shields
  4834 | D:5      | Found Kianlani's Gadget Shop.
  5131 | D:5      | Found a bloodstained altar of Trog.
  5449 | D:5      | Reached skill level 5 in Spellcasting
  5483 | D:4      | Reached *** piety under Okawaru
  5849 | D:5      | Found an iron altar of Okawaru.
  5876 | D:5      | Reached skill level 5 in Fighting
  6013 | D:6      | Reached XP level 9. HP: 79/81 MP: 8/16
  6074 | D:6      | Found a deep blue altar of Sif Muna.
  6074 | D:6      | Found a hide-covered altar of Uskayaw.
  6522 | D:6      | Reached skill level 1 in Axes
  6522 | D:6      | Reached skill level 5 in Conjurations
  6588 | D:6      | Noticed Alateas's ghost (novice SpEn)
  6737 | D:6      | Killed Alateas's ghost
  6883 | D:6      | Noticed Prince Ribbit
  6891 | D:6      | Killed Prince Ribbit
  7214 | D:6      | Reached **** piety under Okawaru
  8116 | D:7      | Reached XP level 10. HP: 91/91 MP: 14/18
  8451 | D:8      | Reached ***** piety under Okawaru
  8623 | D:8      | Got a warped leather armour
  8634 | D:8      | Identified the +2 leather armour of Toas {+Fly Slay+3} (You found it on level 8 of the Dungeon)
  8714 | D:8      | Found Leuce's Distillery.
  9129 | D:9      | Reached skill level 1 in Armour
  9741 | D:9      | Noticed a death yak
  9742 | D:9      | Noticed a death yak
  9742 | D:9      | Noticed a death yak
  9771 | D:9      | Reached skill level 5 in Axes
  9879 | D:9      | Noticed a death yak
  9895 | D:9      | Killed a death yak
  9982 | D:9      | Found a staircase to the Lair.
  9982 | D:9      | Noticed a death yak
  9999 | D:9      | Noticed a death yak
 10001 | D:9      | Noticed a death yak
 10004 | D:9      | Killed a death yak
 10004 | D:9      | Received a gift from Okawaru
 10005 | D:9      | Got an iridescent great sword {god gift}
 10355 | D:9      | Killed a death yak
 10355 | D:9      | Reached XP level 11. HP: 6/100 MP: 8/20
 10775 | D:9      | Killed a death yak
 10793 | D:9      | Killed a death yak
 10793 | D:9      | Received a gift from Okawaru
 10796 | D:10     | Entered Level 10 of the Dungeon
 11454 | D:10     | Found a staircase to the Orcish Mines.
 11867 | D:11     | Paralysed by a hornet for 2 turns
 12591 | D:11     | Received a gift from Okawaru
 12904 | D:11     | Reached ****** piety under Okawaru
 13009 | D:11     | Noticed a wizard
 13036 | D:11     | Killed a wizard
 13036 | D:11     | Received a gift from Okawaru
 13466 | D:12     | Reached skill level 5 in Dodging
 13784 | D:12     | Reached XP level 12. HP: 83/110 MP: 9/22
 14240 | D:13     | Received a gift from Okawaru
 14847 | D:13     | Noticed Akra's ghost (journeyman MiFi)
 14915 | D:13     | Killed Akra's ghost
 15528 | D:13     | Noticed a vault guard
 15541 | D:13     | Killed a vault guard
 15541 | D:13     | Reached skill level 10 in Axes
 15769 | D:13     | Noticed an ogre mage
 15770 | D:13     | Noticed a two-headed ogre
 15773 | D:13     | Noticed a two-headed ogre
 15776 | D:13     | Noticed a two-headed ogre
 15799 | D:13     | Killed an ogre mage
 15807 | D:13     | Killed a two-headed ogre
 15807 | D:13     | Reached skill level 5 in Armour
 15812 | D:13     | Killed a two-headed ogre
 15820 | D:13     | Killed a two-headed ogre
 15826 | D:13     | HP: 4/112 [cyclops (13)]
 16297 | D:13     | Found a gate to the Vaults.
 16393 | D:13     | Noticed an iron troll
 16743 | D:9      | Killed a death yak
 16750 | D:9      | Killed a death yak
 16750 | D:9      | Received a gift from Okawaru
 16750 | D:9      | Reached skill level 1 in Invocations
 16750 | D:9      | Gained mutation: You can use your snake-like lower body to constrict enemies. [Naga growth]
 16750 | D:9      | Reached XP level 13. HP: 70/120 MP: 9/24
 17084 | Lair:1   | Entered Level 1 of the Lair of Beasts
 17582 | Lair:1   | Gained mutation: You do not regenerate when monsters are visible. [potion of mutation]
 17582 | Lair:1   | Gained mutation: You are robust. (+10% HP) [potion of mutation]
 17582 | Lair:1   | Gained mutation: You can translocate small distances at will. [potion of mutation]
 18005 | Lair:1   | Received a gift from Okawaru
 19394 | Lair:2   | Found a staircase to the Snake Pit.
 20158 | Lair:3   | Found a dark tunnel.
 20167 | Volcano  | Entered a volcano
 20239 | Volcano  | Noticed an ogre mage
 20255 | Volcano  | an ogre mage changed into a slime creature
 20316 | Volcano  | Found a bloodstained altar of Trog.
 20332 | Volcano  | Received a gift from Okawaru
 20337 | Volcano  | Got a smoking executioner's axe {god gift}
 20436 | Volcano  | Reached skill level 10 in Fighting
 20488 | Volcano  | Noticed a red draconian
 20518 | Volcano  | Killed a red draconian
 20518 | Volcano  | Reached XP level 14. HP: 49/145 MP: 19/25
 20953 | Lair:3   | Identified the +0 executioner's axe of Evil {flame, *Slow +Rage rC+++ Dex-4} (Okawaru gifted it to you in a volcano)
 20997 | Lair:3   | Received a gift from Okawaru
 20998 | Lair:3   | Got a steaming broad axe {god gift}
 20999 | Lair:3   | Identified the +3 broad axe of the Ass {protect, rF+ Int+7 Dex+4} (Okawaru gifted it to you on level 3 of the Lair of Beasts)
 21595 | Lair:3   | Found a staircase to the Swamp.
 22986 | Lair:5   | Received a gift from Okawaru
 24281 | Lair:5   | Found a staircase to the Slime Pits.
 24588 | Lair:6   | Entered Level 6 of the Lair of Beasts
 25073 | Lair:6   | Found a snail-covered altar of Cheibriados.
 25529 | Lair:6   | Received a gift from Okawaru
 26042 | Lair:6   | Reached XP level 15. HP: 102/156 MP: 26/26
 26535 | Lair:6   | Reached skill level 15 in Axes
 26873 | Lair:6   | Got a flickering crystal amulet
 27160 | Orc:1    | Entered Level 1 of the Orcish Mines
 27291 | Orc:2    | Entered Level 2 of the Orcish Mines
 27560 | Orc:2    | Paralysed by an orc sorcerer for 6 turns
 28255 | Orc:2    | Found Umite's Weapon Shoppe.
 28370 | Orc:2    | Received a gift from Okawaru
 28632 | Orc:2    | Found Sonujoty's Antique Armour Boutique.
 28863 | Orc:2    | Noticed an orc warlord
 28875 | Orc:2    | Killed an orc warlord
 28985 | Orc:2    | Found Kavaux's General Store.
 29031 | Orc:2    | Found Woururax's Jewellery Shop.
 29168 | Orc:2    | Found a staircase to the Elven Halls.
 29382 | Orc:2    | Found Qonlurr's Antique Weapon Emporium.
 29474 | Orc:1    | Noticed an orc warlord
 29490 | Orc:1    | Killed an orc warlord
 29883 | Orc:1    | Found a roughly hewn altar of Beogh.
 29999 | Orc:2    | Bought a fine scale mail for 279 gold pieces
 30034 | Orc:2    | Identified the +5 scale mail "Doileeha" {*Drain Regen+ Str+2 Dex+3} (You bought it in a shop on level 2 of the Orcish Mines)
 30301 | D:14     | Received a gift from Okawaru
 30481 | D:14     | Got a brightly glowing leather armour
 30539 | D:14     | Identified the amulet of Peimukh {RegenMP rN+} (You found it on level 6 of the Lair of Beasts)
 31076 | D:14     | Got a pitted scale mail
 31084 | D:15     | Entered Level 15 of the Dungeon
 31084 | D:15     | Found a labyrinth entrance.
 31105 | Lab      | Entered a labyrinth
 31535 | Lab      | Got a distressingly furry ring mail
 31767 | D:15     | Reached XP level 16. HP: 169/169 MP: 27/27
 31967 | D:15     | Found Kuocwun's Antique Weapon Shop.
 31982 | D:15     | Bought a runed broad axe for 252 gold pieces
 31982 | D:15     | Identified the cursed +1 ring mail "Jyemiungann" {*Corrode rC+++} (You found it in a labyrinth)
 32422 | D:15     | Found a staircase to the Depths.
 33033 | Lair:6   | Received a gift from Okawaru
 33044 | Lair:6   | Got a polished chain mail
 33151 | Snake:1  | Entered Level 1 of the Snake Pit
 33943 | Snake:1  | Received a gift from Okawaru
 34933 | Snake:2  | Found Jyrhur's Gadget Shop.
 34933 | Snake:2  | Found Ivit's Jewellery Emporium.
 34934 | Snake:2  | Found Caxtomuw's Jewellery Emporium.
 35227 | Snake:2  | Found a shadowy altar of Dithmenos.
 35466 | Snake:2  | Reached XP level 17. HP: 180/180 MP: 28/28
 35981 | Snake:3  | Received a gift from Okawaru
 36367 | Snake:3  | Identified the +0 chain mail "Wiynuj" {*Contam *Corrode MR+++ Dex+8} (You found it on level 6 of the Lair of Beasts)
 37279 | Snake:4  | Entered Level 4 of the Snake Pit
 37290 | Snake:4  | Reached skill level 5 in Shields
 37536 | Snake:4  | Noticed Donald
 37555 | Snake:4  | Killed Donald
 37947 | Snake:4  | Received a gift from Okawaru
 38674 | Snake:4  | Noticed Aizul
 38694 | Snake:4  | Killed Aizul
 39025 | Snake:4  | Reached XP level 18. HP: 152/193 MP: 29/29
 39875 | Snake:4  | Reached skill level 15 in Fighting
 40104 | Snake:4  | Received a gift from Okawaru
 40816 | Snake:4  | Got a smoking scarf
 40925 | Snake:4  | Identified the scarf of Esenir {rC+} (You found it on level 4 of the Snake Pit)
 40976 | Snake:4  | Reached skill level 10 in Armour
 40979 | Snake:4  | Received a gift from Okawaru
 40981 | Snake:4  | Got a fine scarf {god gift}
 41120 | Snake:4  | Identified the scarf "Agaone" {rN+} (Okawaru gifted it to you on level 4 of the Snake Pit)
 41629 | Snake:4  | Got a serpentine rune of Zot
 41826 | Snake:4  | Identified the +1 leather armour "Appico" {+Inv} (You found it on level 14 of the Dungeon)
 41836 | Snake:4  | Identified the +1 scale mail of Untruth {+Fly rF- rC++ Str+3} (You found it on level 14 of the Dungeon)
 42189 | Elf:1    | Entered Level 1 of the Elven Halls
 43155 | Elf:1    | Reached XP level 19. HP: 179/206 MP: 29/31
 43636 | Elf:1    | Noticed Nikola
 43661 | Elf:1    | Killed Nikola
 43661 | Elf:1    | Received a gift from Okawaru
 44132 | Elf:1    | HP: 4/206 [deep elf archer/arrow (22)]
 45387 | Swamp:1  | Entered Level 1 of the Swamp
 46059 | Swamp:1  | Received a gift from Okawaru
 51635 | Swamp:3  | Identified the Incunabulum of the Flying Escort
 51663 | Swamp:3  | Received a gift from Okawaru
 51918 | Swamp:4  | Entered Level 4 of the Swamp
 51919 | Swamp:4  | Upgraded the game from 0.21-a0-241-g2cbab09 to 0.21-a0-243-g597973d
 52890 | Swamp:4  | Reached XP level 20. HP: 211/221 MP: 30/32
 52934 | Swamp:4  | Received a gift from Okawaru
 54346 | Swamp:4  | Got a decaying rune of Zot
 55061 | Swamp:3  | Received a gift from Okawaru
 55069 | Swamp:3  | Got an encrusted war axe {god gift}
 55070 | Swamp:3  | Identified the +1 war axe of Uttim {holy, Fragile rPois Str+7 Stlth+} (Okawaru gifted it to you on level 3 of the Swamp)
 55404 | Elf:2    | Found a runed gate.
 55404 | Elf:2    | Found a runed gate.
 55409 | Elf:2    | Found a runed gate.
 55432 | Elf:2    | Lost mutation: You are robust. (+10% HP) [potion of mutation]
 55432 | Elf:2    | Lost mutation: You can translocate small distances at will. [potion of mutation]
 55432 | Elf:2    | Gained mutation: You can exhale a cloud of poison. [potion of mutation]
 55432 | Elf:2    | Gained mutation: You are partially covered in thin metallic scales. (AC +2) [potion of mutation]
 55433 | Elf:2    | Lost mutation: You can exhale a cloud of poison. [potion of mutation]
 55433 | Elf:2    | Lost mutation: You are partially covered in thin metallic scales. (AC +2) [potion of mutation]
 55433 | Elf:2    | Gained mutation: Your movements are slightly less encumbered by armour. (ER -2) [potion of mutation]
 55433 | Elf:2    | Gained mutation: You expend magic power (3 MP) to strengthen your wands. [potion of mutation]
 55433 | Elf:2    | Gained mutation: You are robust. (+10% HP) [potion of mutation]
 55433 | Elf:2    | Gained mutation: You have a pair of small horns on your head. [potion of mutation]
 55434 | Elf:2    | Lost mutation: You have a pair of small horns on your head. [potion of mutation]
 55434 | Elf:2    | Lost mutation: You are robust. (+10% HP) [potion of mutation]
 55434 | Elf:2    | Gained mutation: You are frail. (-10% HP) [potion of mutation]
 55434 | Elf:2    | Gained mutation: Your muscles are strong. (Str +2) [potion of mutation]
 55949 | Elf:2    | Found Ceoros's Armour Boutique.
 56399 | Elf:2    | Received a gift from Okawaru
 56402 | Elf:2    | Reached skill level 10 in Conjurations
 56429 | Elf:2    | Got a pair of dazzling gloves {god gift}
 56440 | Elf:2    | Identified the +0 pair of gloves "Udwej" {Slay+2} (Okawaru gifted it to you on level 2 of the Elven Halls)
 57888 | Elf:3    | Entered Level 3 of the Elven Halls
 58115 | Elf:3    | Noticed Roxanne
 58129 | Elf:3    | Killed Roxanne
 58130 | Elf:3    | Identified Roxanne's Reference Book on Transformation (You took it off Roxanne on level 3 of the Elven Halls)
 58413 | Elf:3    | Found Hoele's General Store.
 59137 | Elf:3    | Received a gift from Okawaru
 59150 | Elf:2    | Reached XP level 21. HP: 87/190 MP: 34/34
 59476 | Elf:3    | Noticed Conn321's ghost (adept OpFE)
 59486 | Elf:3    | Killed Conn321's ghost
 60461 | Elf:3    | Got a transparent hand axe {god gift}
 60464 | Elf:3    | Identified the +8 hand axe of Ohaebyzi {elec, Dex+5} (Okawaru gifted it to you on level 3 of the Elven Halls)
 60473 | Elf:3    | Got a faintly glowing morningstar {crush}
 60474 | Elf:3    | Identified the +9 morningstar of Dust {crush, rC+ Str+3} (You took it off a deep elf annihilator on level 3 of the Elven Halls)
 60495 | Elf:3    | Got a slimy trident {pierce}
 60496 | Elf:3    | Identified the +8 trident "Kuroix" {pierce, rPois MR+ Dex+3} (You took it off a deep elf annihilator on level 3 of the Elven Halls)
 60500 | Elf:3    | Got a slimy leather armour
 60528 | Elf:3    | HP: 6/191 [deep elf annihilator/crystal spear (19)]
 61001 | Elf:3    | Cast into level 3 of the Abyss (a deep elf sorcerer)
 61022 | Abyss:3  | Identified the +2 leather armour of Least Resistance {Slay+2} (You took it off a deep elf annihilator on level 3 of the Elven Halls)
 61043 | Abyss:3  | Found a corrupted altar of Lugonu.
 61053 | Abyss:3  | Got a heavily runed leather armour
 61077 | Abyss:3  | Reached skill level 10 in Spellcasting
 61091 | Abyss:3  | Received a gift from Okawaru
 61121 | Abyss:3  | Noticed a profane servitor
 61141 | Abyss:3  | Killed a profane servitor
 61158 | Abyss:3  | Found a corrupted altar of Lugonu.
 61985 | Abyss:3  | Received a gift from Okawaru
 62033 | Abyss:3  | Noticed a bone dragon
 62058 | Abyss:3  | Killed a bone dragon
 62148 | Abyss:3  | Noticed a bone dragon
 62179 | Abyss:3  | HP: 8/194 [bone dragon (12)]
 62179 | Abyss:3  | Slain by a tentacled starspawn

Vault maps used:
D:1:      lightli_arrival_isolated_outpost, columned_hall_lemuel
D:2:      uniq_crazy_yiuf_cottage, uniq_robin, uniq_jessica
D:4:      kennysheep_mini_moat, minmay_temple_entry_butterflies,
          serial_aquarium, aquarium_bridge_square, aquarium_window_fake,
          aquarium_window_corner, aquarium_window_1, aquarium_view_2c,
          aquarium_view_2b, aquarium_pool_1, kennysheep_generic_room_6,
          uniq_natasha, uniq_ijyb, uniq_edmund, uniq_eustachio, uniq_menkaure
D:5:      lightli_temple_of_fire, serial_shops, kennysheep_little_box,
          first_bread, kennysheep_okawaru_gauntlet
D:6:      gammafunk_temple_overflow_wave, serial_co_window_serial,
          co_window_cross_1, co_window_corner_a, co_window_paths_b,
          co_window_paths_b, co_window_corner_a, co_window_corner_a,
          co_window_corner_a, co_window_of_opportunity_b, co_window_corner_b,
          co_window_cross_4, co_window_4corner_a, glass_columns_a,
          glass_columns_b, glass_columns_a, glass_columns_b, glass_columns_a,
          kennysheep_generic_room_9, uniq_prince_ribbit1
D:7:      grunt_ogre_cave
D:8:      serial_shops, shop, kennysheep_generic_room_13
D:9:      dpeg_lair_monsters
D:10:     orc_0_dummy
D:11:     minmay_misc_feat_chi
D:13:     david_vaults_4
D:14:     serial_park_avenue1
D:15:     hangedman_depths_entry_civil_slaughter, lab_entry_generic,
          minmay_misc_feat_five, serial_shops, nicolae_shop_stone
Temple:   hc_temple_tempest_star
Lair:1:   serial_bayou, serial_bayou_shore_a, serial_bayou_lake_a,
          serial_bayou_pond_c, serial_bayou_pond_d, serial_bayou_pond_a,
          serial_bayou_pond_e
Lair:2:   minmay_snake_entry_guardpost_small, grunt_megastairs_1
Lair:3:   swamp_mist_pool, serial_bayou, serial_bayou_pond_c,
          serial_bayou_pond_b, serial_bayou_lagoon_a, serial_bayou_pond_c,
          nicolae_volcano_entry_vermiform, lemuel_fruit_fields
Lair:4:   serial_bayou_pond_e, serial_bayou_shore_b
Lair:5:   minmay_slime_entry_oklob_open, grunt_forest_large_clearings,
          infiniplex_staircase_pool
Lair:6:   evilmike_catoblepas_cave, kennysheep_snail_temple, grunt_megastairs_4
Swamp:1:  nicolae_swamp_very_dense_foliage, swamp_pool3
Swamp:2:  evilmike_swamp_ruin_house_6
Swamp:3:  nicolae_swamp_dense_foliage, swamp_pool1
Swamp:4:  swamp_alternative, swamp_pool5, hangedman_swamp_blocks
Snake:1:  nicolae_coiled_stairwell_down
Snake:2:  basic_altar, minmay_shop_grove
Snake:4:  grunt_snake_rune_spirals, hangedman_snake_corridor_cut, uniq_donald,
          uniq_aizul
Orc:1:    minmay_orc_temple_a
Orc:2:    grunt_orc_gardens, grunt_orc_garden, grunt_orc_garden,
          grunt_orc_garden, grunt_orc_garden, serial_shops, shop
Elf:1:    eino_elf_arrival_the_gate, minivault_28, uniq_nikola
Elf:2:    serial_shops, nicolae_shop_waterfront
Elf:3:    minmay_elf_hall_x, serial_shops, shop, uniq_roxanne
Abyss:3:  grunt_abyss_rune_forest_and_sorcery
Lab:      labyrinth_hidden_loot, nicolae_lab_diamond
Volcano:  kennysheep_volcano_temple

Skill      XL: |  1  2  3  4  5  6  7  8  9 10 11 12 13 14 15 16 17 18 19 20 21 |
---------------+----------------------------------------------------------------+-----
Fighting       | 1 2 3 5 6 7 8 10 11 12 13 14 15 17 18 19 | 19.0
Fire Magic     | 4 5 6 7 8 |  8.1
Dodging        | 2 3 4 5 6 7 8 9 |  9.1
Conjurations   | 2 3 4 5 6 7 8 9 10 | 10.7
Spellcasting   | 3 4 5 6 7 8 9 10 | 10.2
Shields        | 1 2 3 4 5 6 7 8 9 |  9.3
Axes           | 3 6 9 11 12 14 16 17 18 19 | 19.2
Armour         | 2 4 5 6 7 8 9 10 11 12 | 12.0
Invocations    | 1 |  1.0
Stealth        | |  3.0
Evocations     | |  0.4

Action                   |  1- 3 |  4- 6 |  7- 9 | 10-12 | 13-15 | 16-18 | 19-21 || total
-------------------------+-------+-------+-------+-------+-------+-------+-------++-------
Melee: Unarmed           |     5 |     2 |       |       |       |       |       ||     7
       Whip              |       |    39 |   145 |       |       |       |       ||   184
       War axe           |       |       |    42 |   139 |       |       |    19 ||   200
       Hand axe          |       |       |       |   349 |   343 |       |   969 ||  1661
       Constrict         |       |       |       |       |   253 |   283 |   254 ||   790
       Broad axe         |       |       |       |       |   913 |  1628 |   914 ||  3455
 Cast: Flame Tongue      |    20 |    57 |   115 |   131 |    29 |       |       ||   352
       Sticky Flame      |       |     2 |    12 |    52 |    21 |     2 |       ||    89
Invok: Heroism           |       |       |       |    17 |    33 |    36 |    46 ||   132
       Finesse           |       |       |       |       |       |       |     1 ||     1
 Abil: Spit Poison       |    25 |    39 |    50 |    45 |    12 |     1 |       ||   172
Evoke: Wand              |       |       |     1 |     2 |     1 |       |       ||     4
  Use: Scroll            |       |     2 |       |    14 |    20 |    10 |     9 ||    55
       Potion            |       |       |     1 |     6 |    18 |     4 |    24 ||    53
 Stab: Sleeping          |     1 |     1 |     3 |     8 |    10 |     1 |       ||    24
       Distracted        |       |       |       |     1 |       |     2 |     1 ||     4
       Petrified         |       |       |       |       |    11 |       |       ||    11
       Petrifying        |       |       |       |       |     2 |       |       ||     2
  Eat: Chunk             |     2 |     8 |    19 |    27 |    38 |    18 |    15 ||   127
       Fruit             |       |       |       |     2 |       |    10 |    16 ||    28
       Royal jelly       |       |       |       |     2 |     2 |     4 |     2 ||    10
       Meat ration       |       |       |       |       |       |       |     5 ||     5
Armor: Robe              |     4 |    12 |   112 |     4 |       |       |       ||   132
       Leather armour    |       |       |       |   187 |   503 |       |       ||   690
       Skin              |       |       |       |       |     6 |       |       ||     6
       Scale mail        |       |       |       |       |   120 |   800 |   778 ||  1698
       Troll leather arm |       |       |       |       |       |       |   149 ||   149
Dodge: Dodged            |     9 |    35 |   136 |   291 |   637 |   471 |   674 ||  2253
Block: Buckler           |     4 |     7 |    50 |    98 |   290 |   120 |       ||   569
       Shield            |       |       |       |       |       |   518 |   995 ||  1513
       Reflection        |       |       |       |       |       |    64 |    68 ||   132

Table legend:
 A = Spawn XP
 B = Non-spawn XP
 C = Spawn XP percentage of total XP
 D = Spawn monster count
 E = Non-spawn monster count
 F = Spawn count percentage of total count
 G = Total turns spent on level
                    A         B        C        D         E        F      G
               +---------+---------+-------+---------+---------+-------+---------
         Total |  138698 |  418174 |  24.9 |     400 |    1067 |  27.3 | 62179
               +---------+---------+-------+---------+---------+-------+---------
           D:1 |       4 |      17 |  19.0 |       2 |       8 |  20.0 |   739
           D:2 |      30 |     157 |  16.0 |      14 |      21 |  40.0 |  1632
           D:3 |       5 |     174 |   2.8 |       3 |      17 |  15.0 |   706
           D:4 |     244 |     867 |  22.0 |       3 |      20 |  13.0 |  1804
           D:5 |     222 |     615 |  26.5 |       5 |      15 |  25.0 |  1066
           D:6 |     203 |    1287 |  13.6 |       4 |      16 |  20.0 |  1406
           D:7 |     200 |     753 |  21.0 |       5 |      19 |  20.8 |   889
           D:8 |     210 |     630 |  25.0 |       3 |      21 |  12.5 |   963
           D:9 |     201 |    7514 |   2.6 |       5 |      32 |  13.5 |  2227
          D:10 |     405 |     997 |  28.9 |       7 |       9 |  43.8 |  1043
          D:11 |    1997 |    1484 |  57.4 |      16 |      18 |  47.1 |  1482
          D:12 |     318 |    2499 |  11.3 |       2 |      19 |   9.5 |   975
          D:13 |    6680 |    7186 |  48.2 |      25 |      17 |  59.5 |  2594
          D:14 |    2403 |    6146 |  28.1 |       8 |      30 |  21.1 |   990
          D:15 |    1383 |   14163 |   8.9 |       6 |      34 |  15.0 |   996
        Lair:1 |    2362 |    5368 |  30.6 |       9 |      22 |  29.0 |  2152
        Lair:2 |     372 |    6957 |   5.1 |       1 |      32 |   3.0 |  1119
        Lair:3 |    1213 |    4356 |  21.8 |       7 |      14 |  33.3 |  1300
        Lair:4 |     967 |    4618 |  17.3 |       4 |      20 |  16.7 |   949
        Lair:5 |    1569 |    9449 |  14.2 |       7 |      43 |  14.0 |  1632
        Lair:6 |    7799 |   17565 |  30.7 |      16 |      42 |  27.6 |  2653
       Swamp:1 |    1057 |   13881 |   7.1 |       2 |      29 |   6.5 |  1445
       Swamp:2 |    2031 |   14897 |  12.0 |       5 |      38 |  11.6 |  1347
       Swamp:3 |   10973 |   10105 |  52.1 |      23 |      37 |  38.3 |  4095
       Swamp:4 |    7675 |   30352 |  20.2 |      12 |      53 |  18.5 |  2843
       Snake:1 |    5745 |   12608 |  31.3 |      11 |      27 |  28.9 |  1640
       Snake:2 |       0 |   15293 |   0.0 |       0 |      25 |   0.0 |  1016
       Snake:3 |     555 |   19113 |   2.8 |       1 |      33 |   2.9 |  1906
       Snake:4 |   10359 |   87783 |  10.6 |      21 |     156 |  11.9 |  4329
         Orc:1 |    4810 |    2174 |  68.9 |      40 |      24 |  62.5 |  1484
         Orc:2 |    2298 |   13959 |  14.1 |      25 |      45 |  35.7 |  2017
         Elf:1 |    8647 |   29792 |  22.5 |      14 |      51 |  21.5 |  2643
         Elf:2 |   17141 |   38894 |  30.6 |      29 |      46 |  38.7 |  4244
         Elf:3 |    3719 |   28511 |  11.5 |       6 |      23 |  20.7 |  1441
       Abyss:3 |   34901 |     173 |  99.5 |      59 |       1 |  98.3 |  1178
           Lab |       0 |    1447 |   0.0 |       0 |       2 |   0.0 |   432
       Volcano |       0 |    6390 |   0.0 |       0 |       8 |   0.0 |   744
               +---------+---------+-------+---------+---------+-------+---------
